 Dungeon Crawl Stone Soup version 0.24-a0-378-g94936e539c (webtiles) character file.

Game seed: 14747507305509454464

5 Goodini51 the Vexing (level 1, -1/14 HPs)
             Began as a Demigod Wanderer on June 1, 2019.
             Slain by a hobgoblin (3 damage)
             ... on level 2 of the Dungeon.
             The game lasted 00:02:39 (568 turns).

Goodini51 the Vexing (Demigod Wanderer)              Turns: 568, Time: 00:02:39

Health: -1/14      AC:  2    Str: 16    XL:     1   Next: 53%
Magic:  5/5        EV: 11    Int: 16    God:
Gold:   21         SH:  0    Dex: 14    Spells: 2/3 levels left

rFire    . . .     SeeInvis .   b - +0 whip
rCold    . . .     Gourm    .   (no shield)
rNeg     . . .     Faith    .   c - +0 robe
rPois    .         Spirit   .   (no helmet)
rElec    .         Reflect  .   (no cloak)
rCorr    .         Harm     .   (no gloves)
MR       .....                  (no boots)
Stlth    +.........             (no amulet)
HPRegen  0.04/turn              (no ring)
MPRegen  0.09/turn              (no ring)

@: no status effects
A: high mp 1
a: no special abilities


You were on level 2 of the Dungeon.
You were not hungry.

You visited 1 branch of the dungeon, and saw 2 of its levels.

You collected 21 gold pieces.

Inventory:

Hand Weapons
 a - a +0 club
 b - a +0 whip (weapon)
Missiles
 d - 20 stones (quivered)
Armour
 c - a +0 robe (worn)
Potions
 e - a potion of heal wounds
Comestibles
 f - a ration


   Skills:
 + Level 1.0 Throwing
   Level 1.0 Shields
 * Level 1.5 Spellcasting
   Level 2.6 Hexes
   Level 1.0 Transmutations
   Level 1.7 Fire Magic
   Level 1.0 Poison Magic


You had 2 spell levels left.
You knew the following spells:

 Your Spells              Type           Power        Failure   Level  Hunger
a - Sandblast             Erth           #.....       22%         1    ##.....

Your spell library contained the following spells:

 Spells                   Type           Power        Failure   Level  Hunger
 Freeze                   Ice            #...         22%         1    ##.....
 Passwall                 Tmut/Erth      #.......     26%         2    ###....
 Ozocubu's Armour         Chrm/Ice       #.......     54%         3    ####...
 Stone Arrow              Conj/Erth      #.....       54%         3    ####...
 Petrify                  Tmut/Erth      #.......     87%         4    #####..
 Lee's Rapid Deconstruct  Erth           #.........   99%         5    ######.


Dungeon Overview and Level Annotations

Branches:
Dungeon (2/15)


Innate Abilities, Weirdness & Mutations

You have an increased reservoir of magic. (+10% MP)


Message History

A hobgoblin comes into view.
The hobgoblin shouts!
You closely miss the hobgoblin. The hobgoblin misses you.
You closely miss the hobgoblin. The hobgoblin hits you.
* * * LOW HITPOINT WARNING * * *
You hit the hobgoblin.
The hobgoblin is heavily wounded.
The hobgoblin closely misses you.
You hit the hobgoblin.
The hobgoblin is severely wounded.
The hobgoblin drinks a potion.
The hobgoblin is healed!
You hit the hobgoblin but do no damage.
The hobgoblin hits you but does no damage.
You closely miss the hobgoblin. The hobgoblin barely misses you.
You closely miss the hobgoblin.
The hobgoblin hits you but does no damage.
You hit the hobgoblin.
The hobgoblin is heavily wounded.
The hobgoblin hits you.
You die...

... ..#
..# ..#
#####..#
......#
#g..#
#.@.#
#...#
#....#
...#.#
#####.#
.. ..
...


You could see a hobgoblin.

Vanquished Creatures
  A dart slug (D:1)
  A goblin (D:1)
  A bat (D:1)
  A rat (D:1)
4 creatures vanquished.

Notes
Turn   | Place    | Note
-------+----------+-------------------------------------------
     0 | D:1      | Goodini51 the Demigod Wanderer began the quest for the Orb.
     0 | D:1      | Goodini51 set off with the following items: a +0 club, a +0
                  | robe, a ration; and the following spells available to
                  | memorise: Freeze, Sandblast, Passwall, Ozocubu's Armour,
                  | Stone Arrow, Petrify, Lee's Rapid Deconstruction
     0 | D:1      | Reached XP level 1. HP: 14/14 MP: 4/4
     2 | D:1      | Learned a level 1 spell: Sandblast
   568 | D:2      | Slain by a hobgoblin

Levels and vault maps discovered:
D:1:      dpeg_arrival_fog, layout_loops_ring, minivault_25, doesnt_xom_only_xom
D:2:      minmay_skewed_foursquare, layout_basic

Action                   || total
-------------------------++-------
Melee: Club              ||    21
       Whip              ||    15
 Cast: Sandblast         ||     1
 Stab: Sleeping          ||     1
Armor: Robe              ||     5
Dodge: Dodged            ||    19

Table legend:
 A = Non-vault XP
 B = Vault XP
 C = Vault XP percentage of total XP
 D = Non-vault monster count
 E = Vault monster count
 F = Vault count percentage of total count
                 A         B        C        D         E       F
            +---------+---------+-------+---------+---------+-------
      Total |       8 |       0 |   0.0 |       4 |       0 |   0.0
            +---------+---------+-------+---------+---------+-------
        D:1 |       8 |       0 |   0.0 |       4 |       0 |   0.0
            +---------+---------+-------+---------+---------+-------
